 Dungeon Crawl Stone Soup version 0.29.1-2-gbd0b4ee654 (webtiles) character file.

Game seed: 16249913544210639489

31309 kingsuperguy the Severer (level 13, -2/184 HPs)
             Began as a Hill Orc Monk on Nov 19, 2022.
             Was a High Priest of Beogh.
             Killed from afar by a hell knight (33 damage)
             ... with a bolt of fire
             ... on level 2 of the Abyss.
             The game lasted 01:09:38 (18130 turns).

kingsuperguy the Severer (Hill Orc Monk)           Turns: 18130, Time: 01:09:38

Health: -2/184     AC: 26    Str: 18    XL:     13   Next: 57%
Magic:  4/4        EV:  2    Int:  9    God:    Beogh [*****.]
Gold:   829        SH: 12    Dex: 17    Spells: 12/12 levels left

rFire   . . .      SeeInvis +   S - +1 broad axe (antimagic)
rCold   . . .      Faith    .   z - +0 kite shield
rNeg    . . .      Spirit   .   (body armour currently unavailable)
rPois   +          Reflect  .   (helmet currently unavailable)
rElec   .          Harm     .   (cloak currently unavailable)
rCorr   .          Rampage  .   (gloves currently unavailable)
Will    .....      NoTele   +   (boots currently unavailable)
Stlth   ++........              H - amulet of regeneration
HPRegen 0.00/turn               p - ring of see invisible
MPRegen 0.09/turn               E - +4 ring of slaying

@: tree-form, sick
A: stationary, stasis, torment immunity, boosted hp, walk on water, agile 1
a: Renounce Religion, Smiting, Recall Orcish Followers, Give Item to Named
Follower


You were on level 2 of the Abyss.
You worshipped Beogh.
Beogh was extremely pleased with you.
You were a tree.
You visited 2 branches of the dungeon, and saw 17 of its levels.
You visited the Abyss 1 time.

You collected 1018 gold pieces.
You spent 189 gold pieces at shops.

Inventory:

Hand Weapons
 a - a +1 hand axe of electrocution
 m - a +3 flail of holy wrath
 o - a +3 dire flail
 x - a +0 halberd
 S - a +1 antimagic broad axe (weapon)
Missiles
 b - a boomerang of dispersal
 g - 6 atropa-tipped darts
 j - 29 poisoned darts
 k - 4 curare-tipped darts (quivered)
Armour
 q - a scarf of shadows
 y - a +0 plate armour (melded)
 z - a +0 kite shield (worn)
 C - a +2 helmet (melded)
 F - a +0 cloak (melded)
 J - a +2 pair of gloves (melded)
 K - a +2 pair of boots (melded)
Jewellery
 p - a ring of see invisible (left branch)
 t - a ring of positive energy
 E - a +4 ring of slaying (right branch)
 G - a ring of poison resistance
 H - an amulet of regeneration (around neck)
 M - a ring of resist corrosion
 T - a +4 ring of protection
Wands
 l - a wand of flame (2)
 B - a wand of digging (4)
 D - a wand of paralysis (9)
 N - a wand of roots (5)
 P - a wand of polymorph (3)
 Z - a wand of light (8)
Scrolls
 c - 2 scrolls of enchant weapon
 e - 2 scrolls of enchant armour
 f - 5 scrolls of teleportation
 h - a scroll of magic mapping
 n - 8 scrolls of poison
 w - 3 scrolls of summoning
 A - 3 scrolls of fear
 I - 8 scrolls of butterflies
 U - 2 scrolls of blinking
 W - a scroll of silence {unknown}
 Y - a scroll of brand weapon {unknown}
Potions
 d - 2 potions of flight {unknown}
 i - a potion of invisibility {unknown}
 r - 2 potions of berserk rage {unknown}
 s - 2 potions of ambrosia
 u - 3 potions of cancellation
 v - a potion of might
 L - 3 potions of brilliance
 O - a potion of heal wounds
 V - 6 potions of curing
Miscellaneous
 X - a lightning rod (4/4)


   Skills:
 * Level 13.7 Fighting
 + Level 16.1(16.2) Axes
 + Level 2.3(9.2) Maces & Flails
 * Level 0.8(1.4) Staves
 + Level 0.4 Throwing
 - Level 13.2 Armour
 * Level 3.3 Dodging
 - Level 2.0 Stealth
 - Level 10.1 Shields
 - Level 1.0 Invocations
 + Level 0.5 Evocations


You had 12 spell levels left.
You didn't know any spells.
Your spell library contained the following spells:

 Spells                   Type           Power      Damage    Failure   Level
 Beastly Appendage        Tmut           0%         N/A       65%         1
 Wereblood                Tmut           0%         N/A       80%         2
 Call Canine Familiar     Summ           0%         N/A       95%         3
 Confusing Touch          Hex            0%         N/A       95%         3
 Frozen Ramparts          Ice            0%         1d1       95%         3
 Portal Projectile        Hex/Tloc       0%         N/A       95%         3
 Spider Form              Tmut/Pois      0%         N/A       95%         3
 Fulminant Prism          Conj/Hex       0%         3d6       100%        4
 Ice Form                 Ice/Tmut       0%         N/A       100%        4
 Iskenderun's Mystic Bla  Conj/Tloc      0%         2d3       100%        4
 Leda's Liquefaction      Hex/Erth       0%         N/A       100%        4
 Summon Ice Beast         Ice/Summ       0%         N/A       100%        4
 Fireball                 Conj/Fire      0%         3d3       100%        5
 Iskenderun's Battlesphe  Conj           0%         2d6       100%        5
 Lee's Rapid Deconstruct  Erth           0%         3d5*      100%        5
 Summon Mana Viper        Hex/Summ       0%         N/A       100%        5
 Yara's Violent Unravell  Hex/Tmut       0%         3d3       100%        5
 Conjure Ball Lightning   Conj/Air       0%         3x3d6     100%        6
 Enfeeble                 Hex            0%         N/A       100%        7
 Monstrous Menagerie      Summ           0%         N/A       100%        7
 Orb of Destruction       Conj           0%         9d5       100%        7


Dungeon Overview and Level Annotations

Branches:
Dungeon (14/15)            Temple (0/1) D:6            Lair (3/5) D:8
 Shoals (0/4) Lair:3        Snake (0/4) Lair:2
    Orc: D:9-12      Vaults: D:13-14

Altars:
Ashenzari
Cheibriados
Elyvilon
Gozag
Hepliaklqana
Nemelex Xobeh
Ru
Sif Muna
Trog
Xom
Zin

Shops:
D:7 (!((!

Annotations:
D:7 3 runed translucent doors, TheSexyCheese's ghost, novice HOFi; qeuew's ghost, novice MfGl
D:10 Josephine
D:14 Louise


Innate Abilities, Weirdness & Mutations

You are a tree.
Your roots penetrate the ground, keeping you stationary.
You cannot be teleported.
You are immune to unholy pain and torment.
Your maximum health is greatly increased.
Your equipment is partially melded.
You can walk on water.
You are agile. (Dex +4, Str/Int -1)


Message History

You destroy the ancient zyme!
Beogh accepts your kill.
You slash the hell knight!
The hell knight is almost dead.
A hellwing comes into view.
The hell knight hits you with a +1 long sword!
You closely miss the hell knight.
The hell knight is almost dead.
The hellwing gives a chilling moan.
The hell knight prays to its god.
The hell knight blinks!
The hell knight utters an invocation to its god.
The hell knight blinks!
The hellwing swoops through the air toward you!
You block the hellwing's attack.
The hellwing hits you but does no damage.
The hell knight invokes the aid of its god against you.
The bolt of fire hits you!!
* * * LOW HITPOINT WARNING * * *
You feel much better.
The hellwing hits you but does no damage.
You block the hellwing's attack.
The hell knight hits you but does no damage.
You hit the hell knight.
The hell knight is almost dead.
You hit the hellwing.
The hell knight invokes the aid of its god against you.
The bolt of fire hits you!
* * * LOW HITPOINT WARNING * * *
The hellwing hits you but does no damage. x2
Really quaff the potion of lignification?
You turn into a tree.
Your +0 cloak melds into your body.
Your +2 helmet melds into your body.
Your +2 pair of gloves melds into your body.
Your +2 pair of boots melds into your body.
Your +0 plate armour melds into your body.
Your roots penetrate the ground.
The hell knight mumbles some strange prayers to its god against you.
The bolt of fire hits you!!
You die...

#. . ## .# .
.# . . . . ##
# # . . # .
#.. . # . ##
. ) ..4.. ..#
#.## .#3 #
..#... .#.#.#
. .
.#..####4.#
#....#p♣.3..#
#..4#.#...#
#.##§#..##.#
## ##.#.# #
#..#.#
#####.. .## #


You could see a hell knight (fast), 2 hellwings and a smoke demon.

Vanquished Creatures
  A spriggan zombie (Abyss:2)
  2 hydras
  2 two-headed ogres
  A death yak (Lair:2)
  3 ugly things
  A worldbinder (Abyss:2)
  A manticore (D:13)
  A centaur zombie (D:11)
  An elephant (Lair:3)
  3 black mambas (Lair:2)
  4 cane toads
  2 unseen horrors
  A torpor snail (Lair:2)
  A rime drake (Lair:3)
  A komodo dragon (Lair:2)
  An ancient zyme (Abyss:2)
  3 trolls
  4 blink frogs
  4 slime creatures (D:12)
  A dream sheep (Lair:3)
  A flying skull (Abyss:2)
  2 shadows
  A ynoxinul (Abyss:2)
  16 yaks
  A wyvern (Lair:1)
  2 vampires
  3 wraiths
  A chaos spawn (Abyss:2)
  2 vampire mosquitoes (D:13)
  2 acid dragons
  A large abomination (Abyss:2)
  7 water moccasins
  2 ice beasts (D:5)
  3 ogres
  2 orc warriors (D:9)
  7 centaurs
  3 wolves (Lair:1)
  2 kobold brigands
  A phantom (D:7)
  3 bullfrogs
  A gnoll sergeant (D:5)
  2 scorpions (D:4)
  2 necrophages
  3 wights (D:9)
  3 killer bees (D:9)
  An electric eel (D:8)
  7 howler monkeys
  2 small abominations (Abyss:2)
  4 starcursed masses (Abyss:2)
  4 hounds
  2 jellies
  Crazy Yiuf (D:2)
  2 orc priests (D:9)
  An iguana (D:5)
  10 orc wizards
  A mummy (D:7)
  A howler monkey zombie (D:11)
  5 gnolls
  6 adders
  2 white imps (D:5)
  4 worms
  6 dart slugs
  20 orcs
  11 endoplasms
  4 giant cockroaches
  5 goblins
  5 hobgoblins
  10 kobolds
  2 quokkas
  11 ball pythons
  3 bats
  2 frilled lizards
  6 rats
249 creatures vanquished.

Vanquished Creatures (collateral kills)
  3 hydras
  A two-headed ogre (D:12)
  A death yak (Lair:2)
  A starcursed mass (Abyss:2)
  A deep elf pyromancer (D:12)
  3 ugly things
  A manticore (D:12)
  2 black mambas (Lair:2)
  A cyclops (D:12)
  4 centaur zombies (D:11)
  2 elephants (Lair:3)
  A smoke demon (Abyss:2)
  2 komodo dragons
  A rime drake (Lair:1)
  A troll (D:13)
  3 blink frogs (Lair:1)
  6 dream sheep (Lair:3)
  A slime creature (D:12)
  A shadow (D:13)
  4 wraiths
  6 yaks
  A vampire (D:11)
  A wyvern (Lair:2)
  2 basilisks
  A chaos spawn (Abyss:2)
  An acid dragon (D:11)
  11 water moccasins
  An orc warrior (D:9)
  3 wolves (Lair:1)
  3 centaurs (D:8)
  A kobold brigand (D:7)
  4 bullfrogs
  A necrophage (D:8)
  2 wights (D:9)
  A killer bee (D:9)
  A howler monkey (D:9)
  An electric eel (D:10)
  A quasit (Abyss:2)
  2 orc wizards
  An ufetubus (Abyss:2)
  6 orcs
  6 kobolds
97 creatures vanquished.

Vanquished Creatures (others)
  An orc sorcerer (D:13)
  2 orc knights
  2 orc warriors
  A scorpion (D:5)
  6 orc priests
  6 orc wizards
  2 adders (D:5)
  A gnoll (D:5)
  29 orcs
  9 fungi
  A lurking horror (Abyss:2)
  26 plants
  6 withered plants (D:7)
92 creatures vanquished.

Grand Total: 438 creatures vanquished

Notes
Turn   | Place    | Note
-------+----------+-------------------------------------------
     0 | D:1      | kingsuperguy the Hill Orc Monk began the quest for the Orb.
     0 | D:1      | Reached XP level 1. HP: 19/19 MP: 1/1
   315 | D:1      | Reached XP level 2. HP: 24/27 MP: 2/2
   797 | D:1      | Reached XP level 3. HP: 30/33 MP: 3/3
  2104 | D:2      | Reached XP level 4. HP: 32/40 MP: 4/4
  2258 | D:2      | Noticed an ogre
  2301 | D:1      | Reached skill level 5 in Axes
  2721 | D:2      | Found a runed translucent door.
  2722 | D:2      | Noticed Crazy Yiuf
  2872 | D:2      | Found an opulent altar of Gozag.
  3640 | D:3      | Found a glowing silver altar of Zin.
  4089 | D:4      | Reached XP level 5. HP: 13/47 MP: 5/5
  4469 | D:4      | Reached skill level 1 in Shields
  4491 | D:4      | Reached skill level 6 in Axes
  4491 | D:4      | Reached skill level 1 in Armour
  4704 | D:4      | Reached XP level 6. HP: 28/53 MP: 6/6
  5254 | D:4      | Gained mutation: Your body sometimes deteriorates upon
                  | taking damage. [potion of mutation]
  5255 | D:4      | Lost mutation: Your body sometimes deteriorates upon taking
                  | damage. [potion of mutation]
  5255 | D:4      | Gained mutation: You are agile. (Dex +4, Str/Int -1)
                  | [potion of mutation]
  5410 | D:4      | Reached XP level 7. HP: 48/60 MP: 7/7
  5941 | D:5      | Entered Level 5 of the Dungeon
  5942 | D:5      | Became a worshipper of Beogh the Brigand
  5942 | D:5      | Reached * piety under Beogh
  5942 | D:5      | Reached ** piety under Beogh
  6051 | D:5      | Reached skill level 7 in Axes
  6318 | D:5      | Reached skill level 5 in Armour
  6366 | D:5      | HP: 2/90 [ogre/+0 giant club (17)]
  6373 | D:5      | Reached XP level 8. HP: 14/67 MP: 8/8
  6414 | D:5      | Reached skill level 8 in Axes
  6424 | D:5      | Reached skill level 5 in Fighting
  7072 | D:2      | Killed Crazy Yiuf
  7388 | D:6      | Found a staircase to the Ecumenical Temple.
  7426 | D:6      | Found a shimmering blue altar of Sif Muna.
  7441 | D:6      | Reached skill level 9 in Axes
  7521 | D:6      | Found a broken altar of Ashenzari.
  7523 | D:6      | Found an ornate altar of the Wu Jian Council.
  7523 | D:6      | Found a hazy altar of Hepliaklqana.
  7525 | D:6      | Found a sparkling altar of Nemelex Xobeh.
  7525 | D:6      | Found a bloodstained altar of Trog.
  7525 | D:6      | Found a shimmering altar of Xom.
  7920 | D:7      | Reached XP level 9. HP: 75/75 MP: 9/9
  8034 | D:7      | Found a runed translucent gate.
  8034 | D:7      | Found a runed translucent gate.
  8035 | D:7      | Found a runed translucent gate.
  8036 | D:7      | Noticed TheSexyCheese's ghost (novice HOFi)
  8037 | D:7      | Noticed qeuew's ghost (novice MfGl)
  8138 | D:7      | Found a snail-covered altar of Cheibriados.
  8272 | D:7      | Reached *** piety under Beogh
  8346 | D:7      | Found Onutus's Weapon Boutique.
  8384 | D:7      | Found Utyn's Weapon Boutique.
  8386 | D:7      | Found Jaemae's Distillery.
  8386 | D:7      | Found Ceojoik's Antique Weapon Shoppe.
  8388 | D:7      | Found Oked's Distillery.
  8779 | D:7      | Bought a runed broad axe for 189 gold pieces
  9322 | D:8      | Found a sacrificial altar of Ru.
  9354 | D:8      | Reached skill level 10 in Axes
  9906 | D:8      | Found a staircase to the Lair.
 10093 | D:8      | Reached skill level 5 in Shields
 10681 | Lair:1   | Entered Level 1 of the Lair of Beasts
 10681 | Lair:1   | Noticed an eight-headed hydra
 10792 | D:10     | Entered Level 10 of the Dungeon
 10794 | D:10     | Noticed Josephine
 11001 | D:9      | Reached XP level 10. HP: 43/86 MP: 3/10
 11013 | D:9      | Reached skill level 11 in Axes
 11013 | D:9      | Reached **** piety under Beogh
 11263 | D:9      | Found a white marble altar of Elyvilon.
 11570 | D:10     | Gained Milork as an ally
 11621 | D:10     | Noticed a two-headed ogre
 11629 | D:10     | Your ally Milork died
 11647 | D:10     | Killed a two-headed ogre
 11972 | D:11     | Noticed a two-headed ogre
 11997 | D:10     | Reached skill level 12 in Axes
 12014 | D:10     | Reached skill level 10 in Armour
 12154 | D:11     | Killed a two-headed ogre
 12155 | D:11     | Reached XP level 11. HP: 55/95 MP: 3/11
 12863 | D:11     | Noticed a four-headed hydra
 12873 | D:11     | Killed a six-headed hydra
 12874 | D:11     | Reached skill level 13 in Axes
 13676 | Lair:1   | Killed an eight-headed hydra
 13677 | Lair:1   | Reached skill level 10 in Fighting
 13679 | Lair:1   | Noticed a seven-headed hydra
 13685 | Lair:1   | Killed a seven-headed hydra
 14147 | Lair:1   | Reached skill level 1 in Invocations
 14288 | Lair:1   | Reached skill level 14 in Axes
 14288 | Lair:1   | Reached XP level 12. HP: 108/108 MP: 4/12
 14663 | Lair:2   | Identified a scroll of acquirement
 14713 | Lair:2   | Acquired a +4 ring of slaying
 14896 | Lair:2   | Gained Bogmar as an ally
 14937 | Lair:2   | Found a staircase to the Snake Pit.
 14940 | Lair:2   | Reached ***** piety under Beogh
 15232 | Lair:2   | Noticed a six-headed hydra
 15239 | Lair:2   | Killed a six-headed hydra
 15559 | Lair:2   | Noticed a death yak
 15564 | Lair:2   | Noticed a death yak
 15566 | Lair:2   | Killed a death yak
 15573 | Lair:2   | Killed a death yak
 15574 | Lair:2   | Reached skill level 1 in Maces & Flails
 15802 | Lair:3   | Found a staircase to the Shoals.
 15943 | Lair:3   | Reached skill level 15 in Axes
 16017 | Lair:3   | Found a bloodstained altar of Trog.
 16204 | D:12     | Killed a two-headed ogre
 16206 | D:12     | Your ally Bogmar died
 16248 | D:12     | Reached XP level 13. HP: 116/119 MP: 4/13
 16927 | D:12     | Found a shimmering blue altar of Sif Muna.
 17623 | D:13     | Reached skill level 10 in Shields
 17733 | D:14     | Noticed Louise
 17742 | Abyss:2  | Cast into level 2 of the Abyss (Louise)
 17833 | Abyss:2  | Noticed a dread lich
 17838 | Abyss:2  | Paralysed by a dread lich for 3 turns
 17840 | Abyss:2  | Noticed a Hell Sentinel
 17849 | Abyss:2  | Paralysed by a dread lich for 2 turns
 17857 | Abyss:2  | Noticed a starflower
 17930 | Abyss:2  | Noticed a starcursed mass
 17958 | Abyss:2  | Reached skill level 16 in Axes
 18130 | Abyss:2  | Killed from afar by a hell knight

Illustrated notes

Levels and vault maps discovered:
D:1:      dpeg_arrival_tiny_j, layout_basic, minmay_ruptured
D:2:      layout_rooms, basic_altar, mrwooster_statue_mirror,
          kennysheep_generic_room_6, uniq_crazy_yiuf_cottage
D:3:      layout_rooms, lemuel_round_altar, kennysheep_generic_room_15
D:4:      layout_rooms
D:5:      layout_rooms
D:6:      layout_basic, doesnt_xom_only_xom, mainiacjoe_overflow_paths,
          minmay_temple_entry_arrows
D:7:      layout_gridville, slow_altar_1, gammafunk_ghost_cemetery,
          nicolae_wooded_promenade, minmay_misc_feat_more_columns
D:8:      layout_loops_ring, hangedman_ru_absence, dpeg_oklobed_lair,
          serial_bayou, serial_bayou_pond_a, serial_bayou_shore_b,
          serial_bayou_pond_d, serial_bayou_pond_d
D:9:      layout_basic, elyvilon_altar_1, special_room [special_room_orc]
D:10:     layout_basic, trog_three_pillars_becter, david_orc_1_choice,
          uniq_josephine, uniq_erica
D:11:     layout_gridville, serial_undead, serial_undead_b, serial_undead_d,
          serial_undead_a, serial_undead_a, serial_undead_c
D:12:     layout_cave_pools, lemuel_blue_sif_altar
D:13:     layout_cave_pools, erik_vaults_2, kennysheep_cross_bottleneck,
          minivault_25
D:14:     layout_basic, serial_park_avenue1, uniq_louise, uniq_frances,
          uniq_kirke, uniq_azrael
Lair:1:   layout_long_grid, beast_lair_carwin_6, infiniplex_staircase_pool,
          grunt_megastairs_2
Lair:2:   layout_long_grid, minmay_snake_entry_six_corridors, grunt_megastairs_3
Lair:3:   layout_loops_ring, elwin_shoals_entry_rocks, basic_altar
Abyss:2:  base: D:3, bh_abyss_xom_lugonu_altar, spicy_abyss_rude_harpoons,
          hangedman_abyss_mock_shop, bh_abyss_exit_grid

Skill      XL: |  1  2  3  4  5  6  7  8  9 10 11 12 13 |
---------------+----------------------------------------+-----
Fighting       | 4 5 7 8 10 12 13 | 13.7
Dodging        | 3 |  3.3
Stealth        | 2 |  2.0
Axes           | 5 6 7 9 10 12 14 15 16 | 16.1
Shields        | 1 2 3 4 5 7 8 9 10 | 10.1
Armour         | 2 3 5 6 8 10 11 12 13 | 13.2
Invocations    | 1 |  1.0
Maces & Flails | 1 2 |  2.3
Staves         | |  0.8
Throwing       | |  0.4
Evocations     | |  0.5

Action                   |  1- 3 |  4- 6 |  7- 9 | 10-12 | 13-15 || total
-------------------------+-------+-------+-------+-------+-------++-------
Melee: Hand axe          |   108 |   244 |    49 |       |       ||   401
       Punch             |     1 |       |       |       |       ||     1
       War axe           |       |       |   222 |       |       ||   222
       Broad axe         |       |       |    72 |   371 |   180 ||   623
       Flail             |       |       |       |    33 |    23 ||    56
Throw: Dart              |       |     1 |     5 |     5 |       ||    11
Invok: Convert to Beogh  |       |       |     1 |       |       ||     1
       Recall Orcish Fol |       |       |       |     6 |     5 ||    11
       Give Item to Name |       |       |       |     1 |       ||     1
       Smiting           |       |       |       |       |     2 ||     2
Evoke: Wand              |       |       |       |     6 |     3 ||     9
  Use: Potion            |     1 |     3 |     8 |     3 |     4 ||    19
       Scroll            |       |     7 |     1 |    14 |     4 ||    26
 Stab: Sleeping          |     1 |     1 |       |       |       ||     2
       Distracted        |       |       |       |     3 |     2 ||     5
       Confused          |       |       |       |     1 |       ||     1
Armor: Robe              |    11 |     6 |       |       |       ||    17
       Ring mail         |       |     6 |       |       |       ||     6
       Chain mail        |       |    60 |   206 |     8 |       ||   274
       Skin              |       |       |    11 |       |       ||    11
       Plate armour      |       |       |       |   307 |   187 ||   494
Dodge: Dodged            |    49 |    98 |   144 |   145 |    50 ||   486
Block: Buckler           |     6 |    38 |   115 |   131 |       ||   290
       Kite shield       |       |       |       |    42 |   132 ||   174
